 Dungeon Crawl Stone Soup version 0.21.1-1-g345015fe64 (webtiles) character file.

200 Gargoyl the Skirmisher (level 5, -5/46 HPs)
             Began as a Centaur Abyssal Knight on June 16, 2018.
             Was a Believer of Lugonu.
             Slain by an ogre
             ... wielding a cursed -2 giant spiked club
              (28 damage)
             ... on level 4 of the Dungeon.
             The game lasted 00:07:17 (3423 turns).

Gargoyl the Skirmisher (Centaur Abyssal Knight)     Turns: 3423, Time: 00:07:18

Health: -5/46      AC: 11    Str: 15    XL:     5   Next: 48%
Magic:  16/16      EV:  2    Int: 11    God:    Lugonu [**....]
Gold:   157        SH:  8    Dex: 14    Spells: 4/4 levels left

rFire    . . .     SeeInvis .   a - +3 hand axe
rCold    . . .     Gourm    .   d - +1 shield
rNeg     . . .     Faith    .   r - +0 chain mail
rPois    .         Spirit   .   (no helmet)
rElec    .         Reflect  .   (no cloak)
rCorr    .         Harm     .   q - +2 pair of gloves {archery}
MR       .....                  (no barding)
Stlth    ..........             (no amulet)
HPRegen  0.15/turn              f - +5 ring of dexterity
MPRegen  0.15/turn              i - ring of magical power

@: very quick
A: large, hooves 3, deformed body, speed 2, tough skin 3
a: Depart the Abyss, Bend Space, Renounce Religion


You were on level 4 of the Dungeon.
You worshipped Lugonu.
Lugonu was pleased with you.
You were not hungry.

You visited 1 branch of the dungeon, and saw 4 of its levels.
You visited the Abyss 1 time.

You collected 157 gold pieces.

Inventory:

Hand Weapons
 a - a +3 hand axe (weapon)
Armour
 d - a +1 shield (worn)
 q - a +2 pair of gloves of archery (worn)
 r - a +0 chain mail (worn)
Jewellery
 f - a +5 ring of dexterity (left hand)
 i - a ring of magical power (right hand)
Scrolls
 e - a scroll of identify
 k - 2 scrolls of teleportation
 n - a scroll of amnesia
Potions
 b - 2 potions of lignification
 g - a potion of invisibility
 j - a potion of magic
 o - a potion of heal wounds {unknown}
Comestibles
 c - 7 rations


   Skills:
 + Level 3.6 Fighting
 + Level 2.7(2.8) Axes
   Level 0.6(1.8) Maces & Flails
 * Level 2.6 Armour
 + Level 1.1 Dodging
 + Level 0.7 Shields
 * Level 3.0 Invocations


You had 4 spell levels left.
You didn't know any spells.

Dungeon Overview and Level Annotations

Branches:
Dungeon (4/15)
 Temple: D:4-7

Altars:
Okawaru
Xom


Innate Abilities, Weirdness & Mutations

You have hooves in place of feet.
Armour fits poorly on your strangely shaped body.
You cover ground very quickly.
You have extremely tough skin. (AC +3)


Message History

An ogre comes into view. It is wielding a giant spiked club.
The ogre shouts!
Firing (i - inventory): No suitable missiles.
Press: ? - help, Shift-Dir - straight line, f - ogre
Aim: an ogre, wielding a giant spiked club
Okay, then.
Your chain mail prevents you from hitting the ogre.
You kick the ogre, but do no damage.
The ogre hits you with a giant spiked club!
You hit the ogre.
The ogre is lightly wounded.
The ogre hits you with a giant spiked club!
You hit the ogre.
The ogre is moderately wounded.
The ogre hits you with a giant spiked club.
You hit the ogre. Your kick misses the ogre.
The ogre is heavily wounded.
The ogre hits you with a giant spiked club!!
Ouch! That really hurt!
You die...

##..# #### #.# #. ....
..# #.# .. >... ..# #.#
#. #..# #.# #.# #. #..#
#.# #.# #. #..# #.###.##
#. #..# #......†
######.####..####.###.##
......O@..<...........#
.......###.#..........#
##.#### #.######.#####
#.# #.# #.# #.# #.# #.#
... ..# #.. ## ### #####


You could see an ogre.

Vanquished Creatures
  A centaur (D:3)
  A worker ant (D:4)
  3 adders (D:2)
  2 oozes (D:3)
  4 leopard geckos
  2 ball pythons
  5 bats
  2 giant cockroaches
  8 goblins
  11 hobgoblins
  2 jackals (D:1)
  2 frilled lizards
  8 kobolds
  9 rats
60 creatures vanquished.

Notes
Turn   | Place    | Note
-------+----------+-------------------------------------------
     0 | Abyss:1  | Gargoyl the Centaur Abyssal Knight began the quest for the Orb.
     0 | Abyss:1  | Reached XP level 1. HP: 19/19 MP: 2/2
    26 | Abyss:1  | Noticed a small abomination
    52 | Abyss:1  | Noticed a small abomination
    97 | Abyss:1  | Noticed a worldbinder
    99 | Abyss:1  | Noticed a small abomination
   100 | Abyss:1  | Noticed a raiju
   101 | D:1      | Escaped the Abyss
   334 | D:1      | Reached * piety under Lugonu
   334 | D:1      | Reached XP level 2. HP: 26/26 MP: 3/3
  1154 | D:1      | Reached XP level 3. HP: 31/31 MP: 4/4
  2074 | D:2      | Reached ** piety under Lugonu
  2144 | D:2      | Found a shimmering altar of Xom.
  2201 | D:2      | Reached XP level 4. HP: 32/38 MP: 5/5
  2424 | D:3      | Found an iron altar of Okawaru.
  2442 | D:3      | Noticed a centaur
  2455 | D:3      | Killed a centaur
  2455 | D:3      | Reached skill level 1 in Dodging
  2455 | D:3      | Reached XP level 5. HP: 5/45 MP: 7/7
  3415 | D:4      | Noticed an ogre
  3423 | D:4      | Slain by an ogre

Skill      XL: |  1  2  3  4  5 |
---------------+----------------+-----
Axes           | 2 |  2.7
Armour         | 2 |  2.6
Dodging        | 1 |  1.1
Invocations    | 3 |  3.0
Fighting       | |  3.6
Maces & Flails | |  0.6
Shields        | |  0.7

Action                   |  1- 3 |  4- 6 || total
-------------------------+-------+-------++-------
Melee: Hand axe          |    75 |    14 ||    89
       Kick              |    15 |    15 ||    30
       Whip              |    26 |    43 ||    69
Invok: Depart the Abyss  |     1 |       ||     1
  Use: Potion            |     1 |     2 ||     3
       Scroll            |     4 |     8 ||    12
  Eat: Chunk             |     2 |     4 ||     6
Armor: Leather armour    |    34 |       ||    34
       Scale mail        |    10 |    22 ||    32
       Chain mail        |       |     3 ||     3
Dodge: Dodged            |    27 |     2 ||    29
Block: Shield            |    44 |    24 ||    68
